 Dungeon Crawl Stone Soup version 0.21.1-1-g345015f (webtiles) character file.

81 garbagetei the Digger (level 4, -4/24 HPs)
             Began as a Deep Elf Earth Elementalist on Feb 6, 2018.
             Slain by an orc
             ... wielding a +0 mace
              (7 damage)
             ... on level 2 of the Dungeon.
             The game lasted 00:04:01 (1781 turns).

garbagetei the Digger (Deep Elf Earth Elementalist) Turns: 1781, Time: 00:04:02

Health: -4/24      AC:  2    Str:  5    XL:     4   Next: 19%
Magic:  9/12       EV: 13    Int: 21    God:
Gold:   77         SH:  0    Dex: 15    Spells: 5/11 levels left

rFire    . . .     SeeInvis +   h - +0 short sword
rCold    . . .     Gourm    .   (no shield)
rNeg     . . .     Faith    .   c - +0 robe
rPois    .         Spirit   .   (no helmet)
rElec    .         Reflect  .   (no cloak)
rCorr    .         Harm     .   (no gloves)
MR       .....                  (no boots)
Stlth    ++........             (no amulet)
HPRegen  0.08/turn              i - ring of see invisible (curse)
MPRegen  0.13/turn              (no ring)

@: no status effects
A: no striking features
a: no special abilities


You were on level 2 of the Dungeon.
You were not hungry.

You visited 1 branch of the dungeon, and saw 3 of its levels.

You collected 77 gold pieces.

Inventory:

Hand Weapons
 h - a +0 short sword (weapon)
Missiles
 b - 12 stones (quivered)
Armour
 c - a +0 robe (worn)
 k - a +0 buckler
Jewellery
 a - a +2 ring of protection {unknown}
 i - a cursed ring of see invisible (left hand)
 j - an uncursed ring of fire
Scrolls
 g - a scroll of remove curse {unknown}
 q - a scroll of enchant weapon {unknown}
 r - 2 scrolls of enchant armour {unknown}
Potions
 f - 2 potions of agility {unknown}
 l - 3 potions of heal wounds {unknown}
 m - a potion of resistance {unknown}
 n - a potion of lignification {unknown}
 o - a potion of cancellation {unknown}
Books
 e - a book of Geomancy

   Spells                             Type                      Level
   a - Sandblast                      Earth                        1
   b - Passwall                       Transmutation/Earth          2
   c - Stone Arrow                    Conjuration/Earth            3
   d - Petrify                        Transmutation/Earth          4
   e - Lee's Rapid Deconstruction     Earth                        5
Comestibles
 d - a ration


   Skills:
 + Level 0.9 Fighting
 + Level 2.6 Dodging
 - Level 2.4 Stealth
 + Level 4.3 Spellcasting
 * Level 0.0 Conjurations
 - Level 1.1 Transmutations
 * Level 4.5 Earth Magic


You had 5 spell levels left.
You knew the following spells:

 Your Spells              Type           Power        Failure   Level  Hunger
a - Sandblast             Erth           ###...       1%          1    None
b - Passwall              Tmut/Erth      ###.......   5%          2    #......
c - Stone Arrow           Conj/Erth      ##....       14%         3    ##.....


Dungeon Overview and Level Annotations

Branches:
Dungeon (3/15)

Altars:
Zin


Message History

* * * LOW HITPOINT WARNING * * *
Casting: Sandblast
Confirm with . or Enter, or press ? or * to list all spells.
Aiming: Sandblast
Press: ? - help, Shift-Dir - straight line, f/p - orc
Aim: an orc, wielding a mace and wearing a ring mail (heavily wounded)
The blast of sand hits the orc.
The orc is heavily wounded.
b - 13 stones The orc closely misses you.
Casting: Sandblast
Confirm with . or Enter, or press ? or * to list all spells.
Aiming: Sandblast
Press: ? - help, Shift-Dir - straight line, f/p - orc
Aim: an orc, wielding a mace and wearing a ring mail (heavily wounded)
The blast of sand hits the orc.
The orc is severely wounded.
b - 12 stones The orc hits you with a mace!
You die...

##################
#@o...............
#.##.#############
#..#.# ###..#.####
##....#....##
##.......##..######
##
#.................#
#.
#.#######'#######.#
#. #.# #.# #.###.


You could see an orc.

Vanquished Creatures
  3 adders (D:2)
  An ooze (D:1)
  A worm (D:2)
  3 leopard geckos
  11 bats
  A giant cockroach (D:2)
  5 goblins
  5 hobgoblins
  2 frilled lizards
  8 kobolds
  5 rats
45 creatures vanquished.

Notes
Turn   | Place    | Note
-------+----------+-------------------------------------------
     0 | D:1      | garbagetei the Deep Elf Earth Elementalist began the quest for the Orb.
     0 | D:1      | Reached XP level 1. HP: 10/10 MP: 6/6
    79 | D:1      | Reached XP level 2. HP: 14/15 MP: 2/8
   514 | D:1      | Reached XP level 3. HP: 20/20 MP: 6/10
   671 | D:1      | Learned a level 2 spell: Passwall
   675 | D:1      | Learned a level 3 spell: Stone Arrow
  1322 | D:2      | Found a glowing silver altar of Zin.
  1323 | D:2      | Noticed an angel
  1416 | D:2      | Reached XP level 4. HP: 24/24 MP: 10/12
  1781 | D:2      | Slain by an orc

Skill      XL: |  1  2  3 |
---------------+----------+-----
Earth Magic    | 4 |  4.5
Spellcasting   | 4 |  4.3
Fighting       | |  0.9
Dodging        | |  2.6
Stealth        | |  2.4
Transmutations | |  1.1

Action                   |  1- 3 |  4- 6 || total
-------------------------+-------+-------++-------
Melee: Unarmed           |     7 |       ||     7
       Short sword       |    29 |    10 ||    39
 Cast: Sandblast         |    46 |    11 ||    57
  Eat: Chunk             |     1 |     2 ||     3
Armor: Robe              |    13 |     4 ||    17
Dodge: Dodged            |    40 |     7 ||    47
